 Dungeon Crawl Stone Soup version 0.18-a0-943-g2c08dd4 (webtiles) character file.

279565 dvd the Imperceptible (level 19, -1/93 HPs)
             Began as a Spriggan Enchanter on Dec 26, 2015.
             Was an Initiate of Gozag.
             Killed by the air
             ... invoked by a titan
              (32 damage)
             ... on level 2 of the Vaults on Dec 28, 2015.
             The game lasted 06:17:30 (55584 turns).

dvd the Imperceptible (Spriggan Enchanter)         Turns: 55584, Time: 06:17:30

Health: -1/93      AC: 12    Str: 13    XL:     19   Next: 66%
Magic:  14/44      EV: 29    Int: 32    God:    Gozag
Gold:   7767       SH:  9    Dex: 17    Spells: 14 memorised, 4 levels left

rFire  + . .     SeeInvis +     a - +7 dagger of the Abyss {pain, Str+7 Int+6 Dex-5}
rCold  + + .     Gourm    .     X - +1 troll leather armour
rNeg   + + .     Faith    .     (shield restricted)
rPois  +         Spirit   .     M - -2 hat of the Alchemist {rElec rPois rF+ rC+ rN+ MR+ rMut rCorr}
rElec  +         Dismiss  .     s - +2 cloak
rCorr  +         Reflect  .     (gloves unavailable)
rMut   +         Harm     +     (boots unavailable)
SustAt .                        r - amulet "Diwapp Faaso" {Harm *Drain +Blink rC+ Dex+5}
MR     ++++.                    W - +5 ring of protection
Stlth  +++++++++.               I - ring "Uqurch" {rElec rN+ Int+2 Slay+3 Stlth+}

@: icy shield, repel missiles, very quick, incredibly resistant to hostile
enchantments, incredibly stealthy
A: unfitting armour, icy blue scales 1, see invisible, herbivore 3, speed 3,
slow metabolism 2, strong 1
a: Potion Petition, Call Merchant, Bribe Branch, Renounce Religion, Evoke Blink
}: 2/15 runes: barnacled, gossamer


You were on level 2 of the Vaults.
You worshipped Gozag.
Gozag was noncommittal.
You were not hungry.

You visited 8 branches of the dungeon, and saw 39 of its levels.
You also visited: Sewer, Bailey and Ice Cave.

You collected 17467 gold pieces.
You spent 2326 gold pieces at shops.
You paid 7374 gold pieces to Gozag.

Inventory:

Hand Weapons
 a - the +7 dagger of the Abyss (weapon) {pain, Str+7 Int+6 Dex-5}
   (You found it on level 4 of the Dungeon)

   In the hands of one skilled in necromantic magic, it inflicts extra damage on
   living creatures.
   It affects your strength (+7).
   It affects your intelligence (+6).
   It affects your dexterity (-5).
Armour
 s - a +2 cloak (worn)
 z - a +2 robe of magic resistance
 M - the -2 hat of the Alchemist (worn) {rElec rPois rF+ rC+ rN+ MR+ rMut rCorr}
   (You bought it in a shop on level 2 of the Orcish Mines)

   It protects you from fire.
   It protects you from cold.
   It insulates you from electricity.
   It protects you from poison.
   It protects you from negative energy.
   It affects your resistance to hostile enchantments.
   It protects you from acid and corrosion.
   It protects you from mutation.
 U - a +2 robe of resistance
 X - a +1 troll leather armour (worn)
Jewellery
 l - a +3 ring of intelligence
 o - an uncursed ring of flight
 r - the amulet "Diwapp Faaso" (around neck) {Harm *Drain +Blink rC+ Dex+5}
   (You found it on level 7 of the Lair of Beasts)

   [amulet of harm]

   It increases damage dealt and taken.
   It affects your dexterity (+5).
   It protects you from cold.
   It lets you blink.
 B - an uncursed ring of protection from magic
 C - a +4 ring of evasion
 E - an uncursed amulet of regeneration
 I - the ring "Uqurch" (left hand) {rElec rN+ Int+2 Slay+3 Stlth+}
   (You bought it in a shop on level 15 of the Dungeon)

   [ring of stealth]

   It affects your intelligence (+2).
   It affects your accuracy and damage with ranged weapons and melee attacks
   (+3).
   It insulates you from electricity.
   It protects you from negative energy.
   It makes you more stealthy.
 N - the ring "Qenon" {+/*Tele Str+2}
   (You took it off a deep elf death mage on level 3 of the Elven Halls)

   [ring of teleportation]

   It may teleport you next to monsters, and can be evoked to randomly teleport.
   It affects your strength (+2).
 W - a +5 ring of protection (right hand)
Wands
 b - a wand of draining (10/15)
 c - a wand of teleportation (4/9)
 p - a wand of lightning (11/15)
 u - a wand of cold (4/15)
 v - a wand of fire (9/15)
 y - a wand of digging (19/24)
 J - a wand of fireball (7/15)
 L - a wand of teleportation (9/9)
Scrolls
 e - 3 scrolls of teleportation
 h - 7 scrolls of blinking
 j - 18 scrolls of identify
 n - a scroll of enchant weapon
 t - 7 scrolls of recharging
 A - 3 scrolls of amnesia
 D - 2 scrolls of magic mapping
 K - 3 scrolls of fear
 P - 13 scrolls of remove curse
 V - a scroll of fog
Potions
 f - a potion of heal wounds
 g - a potion of invisibility
 i - 4 potions of cure mutation
 m - 8 potions of curing
 F - 2 potions of resistance
 G - 4 potions of haste
 Q - 6 potions of brilliance
 R - 3 potions of agility
 T - 2 potions of might
Books
 k - a book of Enchantments

   Spells                             Type                      Level
   a - Cause Fear                     Hexes                        4
   b - Yara's Violent Unravelling     Hexes/Transmutation          5
   c - Silence                        Hexes/Air                    5
   d - Deflect Missiles               Charms/Air                   6
   e - Haste                          Charms                       6
   f - Discord                        Hexes                        8
 q - a book of Ice

   Spells                             Type                      Level
   a - Ice Form                       Ice/Transmutation            4
   b - Metabolic Englaciation         Hexes/Ice                    5
   c - Ozocubu's Refrigeration        Ice                          6
   d - Bolt of Cold                   Conjuration/Ice              6
   e - Freezing Cloud                 Conjuration/Ice/Air          6
   f - Simulacrum                     Ice/Necromancy               6
 w - the Reference Book on Destructive Lightness
   (You found it on level 4 of the Shoals)

   Spells                             Type                      Level
   a - Airstrike                      Air                          4
   b - Lightning Bolt                 Conjuration/Air              5
   c - Silence                        Hexes/Air                    5
   d - Poisonous Cloud                Conjuration/Poison/Air       6
 H - a book of Summonings

   Spells                             Type                      Level
   a - Recall                         Summoning/Translocation      3
   b - Aura of Abjuration             Summoning                    5
   c - Shadow Creatures               Summoning                    5
   d - Summon Demon                   Summoning                    5
   e - Summon Forest                  Summoning/Translocation      5
   f - Summon Mana Viper              Hexes/Summoning              5
 O - a Necronomicon

   Spells                             Type                      Level
   a - Haunt                          Necromancy/Summoning         7
   b - Borgnjor's Revivification      Necromancy                   8
   c - Death's Door                   Charms/Necromancy            8
   d - Necromutation                  Transmutation/Necromancy     8
 S - a book of Transfigurations

   Spells                             Type                      Level
   a - Stoneskin                      Transmutation/Earth          2
   b - Irradiate                      Conjuration/Transmutation    5
   c - Statue Form                    Transmutation/Earth          6
   d - Hydra Form                     Transmutation                6
   e - Dragon Form                    Transmutation                7
 Y - a book of Burglary

   Spells                             Type                      Level
   a - Swiftness                      Charms/Air                   2
   b - Passwall                       Transmutation/Earth          3
   c - Passage of Golubria            Translocation                4
   d - Lee's Rapid Deconstruction     Earth                        5
   e - Darkness                       Hexes                        6
   f - Invisibility                   Hexes                        6
 Z - a Fen Folio

   Spells                             Type                      Level
   a - Corpse Rot                     Necromancy                   2
   b - Stone Arrow                    Conjuration/Earth            3
   c - Leda's Liquefaction            Hexes/Earth                  4
   d - Summon Forest                  Summoning/Translocation      5
   e - Hydra Form                     Transmutation                6
   f - Summon Hydra                   Summoning                    7
Comestibles
 d - 22 bread rations
 x - 30 fruits


   Skills:
 + Level 8.0 Fighting
 * Level 10.1 Short Blades
 + Level 1.0 Armour
 + Level 14.2 Dodging
 + Level 22.4 Stealth
 * Level 20.4 Spellcasting
 + Level 17.5 Hexes
 + Level 12.5 Charms
 * Level 2.5 Summonings
 * Level 7.3 Necromancy
 + Level 5.7 Translocations
 + Level 8.3 Ice Magic
 + Level 0.1 Air Magic
 + Level 0.3 Earth Magic
 + Level 4.0 Evocations


You had 4 spell levels left.
You knew the following spells:

 Your Spells              Type           Power        Failure   Level  Hunger
a - Blink                 Tloc           N/A          1%          2    None
b - Ensorcelled Hibernat  Hex/Ice        ######       0%          2    None
c - Confuse               Hex            #######.     0%          3    None
d - Tukima's Dance        Hex            #######.     0%          3    None
e - Repel Missiles        Chrm/Air       ######       1%          2    None
f - Dispel Undead         Necr           ######..     1%          5    None
g - Cause Fear            Hex            #######...   0%          4    None
h - Haste                 Chrm           #######.     1%          6    None
i - Aura of Abjuration    Summ           #####.....   14%         5    None
j - Condensation Shield   Ice            ######....   1%          4    None
k - Discord               Hex            #######...   10%         8    ####...
l - Summon Mana Viper     Hex/Summ       #######.     1%          5    None
m - Recall                Summ/Tloc      N/A          1%          3    None
n - Stoneskin             Trmt/Erth      ####....     1%          2    None


Dungeon Overview and Level Annotations

Branches:
Dungeon (15/15)            Temple (1/1) D:7            Lair (8/8) D:11
 Shoals (4/4) Lair:4       Spider (4/4) Lair:3        Slime (0/6) Lair:8
    Orc (2/2) D:11            Elf (3/3) Orc:2        Vaults (2/5) D:14
  Crypt (0/3) Vaults:2     Depths (0/5) D:15

Altars:
Ashenzari
Cheibriados
Dithmenos
Elyvilon
Fedhas
Gozag
Kikubaaqudgha
Makhleb
Nemelex Xobeh
Okawaru
Pakellas
Qazlal
Ru
Sif Muna
Trog
Vehumet
Xom
Yredelemnul
Zin
The Shining One
Beogh
Jiyva

Shops:
D:13 [   D:15 =   Orc:2 ?%[*   Elf:1 *   Elf:2 (*?   Lair:4 [   Shoals:1 (
Shoals:4 ?   Vaults:1 [[%*(

Annotations:
Shoals:4 Ilsuiw
Vaults:2 Jorgrun


Innate Abilities, Weirdness & Mutations

You are tiny and cannot use many weapons and most armour.
You have supernaturally acute eyesight.
You are a herbivore.
You cover ground extremely quickly.
You need consume almost no food.
You are partially covered in icy blue scales (AC +1).
Your muscles are strong. (Str +2)


Message History

Aim: a titan (lightly wounded, chance to defeat MR: 0%)
Okay, then.
Press: ? - help, v - describe, . - travel
Here: a titan (lightly wounded)
The floor, spattered with blood.
Casting: Confuse
Confirm with . or Enter, or press ? or * to list all spells.
A mana viper appears with a sibilant hiss.
The titan waves its arms in wide circles.
The air twists around and strikes you!
* * * LOW HITPOINT WARNING * * *
Casting: Summon Mana Viper
Confirm with . or Enter, or press ? or * to list all spells.
Okay, then.
Drink which item? (? for menu, Esc to quit)
You feel better.
The titan waves its arms in wide circles.
The air twists around and strikes you!
You die...
Your body crumbles into a pile of gold.

.# #....).# #. ..# #......# #.
..# #......# #. ..# #......# #.
#############'###################
.................................
.)......................(..).....
.......g..............(..........
................@................
.................y....)..........
.................S.....[...[.....
....................C.)).(.......
........................$........
.....................$..:(.......
.......................).........
#'#####################'####'####
#.. #.$C....##......#


You could see a titan, a vampire mosquito (confused) and a friendly mana viper.

Vanquished Creatures
  Saint Roka (Orc:1)
  Nikola (Spider:1)
  Xtahua (Vaults:2)
  A lich (Vaults:2)
  Arachne (Spider:2)
  A sphinx (Vaults:1)
  A kraken (Shoals:1)
  A deep elf sorcerer (Elf:3)
  3 ghost moths
  6 emperor scorpions
  Donald (Elf:2)
  A vault warden (Vaults:1)
  Louise (D:15)
  A curse skull (Vaults:2)
  2 stone giants
  An ironheart preserver (Vaults:2)
  A deep elf demonologist (Elf:3)
  3 deep elf annihilators (Elf:3)
  3 spark wasps
  2 vault guards
  The ghost of Anouleth the Carver, a journeyman MiBe of Trog (D:13)
  3 deep elf death magi (Elf:3)
  2 blizzard demons (IceCv)
  An eidolon (Vaults:2)
  The ghost of Daviar the Unseen, a journeyman FeAr of Pakellas (Shoals:2)
  An entropy weaver (Spider:2)
  2 deep elf high priests (Elf:3)
  An ettin (shapeshifter) (Vaults:2)
  4 yaktaur captains
  Josephine (Spider:1)
  An ice dragon (Vaults:2)
  11 hydras
  A rakshasa (D:15)
  5 centaur warriors
  A catoblepas (Lair:8)
  4 alligator snapping turtles
  An ogre mage (D:15)
  2 tengu warriors
  22 death yaks
  A soul eater (Vaults:2)
  3 orc high priests (Orc:2)
  4 deep elf knights
  The ghost of George the Basher, a novice GrFi of Okawaru (D:8)
  The ghost of st0uf the Blocker, a novice FoFi of Makhleb (D:6)
  9 sea snakes
  2 unseen horrors
  A deep elf archer (Elf:1)
  10 harpies
  4 orc knights
  A necromancer (Vaults:1)
  A wizard (Vaults:1)
  8 hill giants
  4 ironbrand convokers
  40 wolf spiders
  An unseen horror (shapeshifter) (Elf:2)
  A lindwurm (Lair:5)
  6 orc sorcerers
  31 deep elf magi
  24 orb spiders
  A water nymph (shapeshifter) (D:15)
  7 manticores
  A griffon (shapeshifter) (Vaults:1)
  2 ugly things (Vaults:1)
  9 hornets
  2 moths of wrath
  4 fauns
  An oklob plant (Orc:1)
  6 griffons
  A water nymph (Shoals:4)
  4 cyclopes
  2 centaur zombies (D:14)
  20 elephants
  A siren (Shoals:1)
  An ice statue (IceCv)
  4 vault sentinels
  2 torpor snails
  5 black mambas
  17 spiny frogs
  A black mamba (shapeshifter) (Elf:2)
  An efreet (D:12)
  5 fire drakes
  7 ice devils (IceCv)
  2 kobold demonologists
  8 komodo dragons
  5 yaktaurs
  4 gargoyles
  2 tengu conjurers (D:15)
  A golden dragon simulacrum (IceCv)
  22 jumping spiders
  A queen bee (shapeshifter) (Vaults:1)
  14 demonic crawlers
  9 merfolk
  5 trolls
  13 polar bears
  6 freezing wraiths
  2 wind drakes
  3 anaconda simulacra (IceCv)
  A two-headed ogre (D:15)
  A raiju (Lair:8)
  A boulder beetle (Spider:2)
  5 blink frogs
  A hornet zombie (D:14)
  A shadow (D:14)
  A raiju (shapeshifter) (Vaults:2)
  11 snapping turtles
  26 tarantellas
  4 wraiths
  19 trapdoor spiders
  38 redbacks
  A spriggan (shapeshifter) (Elf:3)
  6 water elementals
  3 wyverns
  A dire elephant simulacrum (IceCv)
  3 air elementals
  A fire elemental (Elf:1)
  7 basilisks
  8 wargs
  44 yaks
  3 hogs (D:14)
  3 hungry ghosts
  20 vampire mosquitoes
  25 wolves
  A soldier ant (D:12)
  10 hippogriffs
  A death yak simulacrum (IceCv)
  4 hydra simulacra (IceCv)
  An iron troll simulacrum (IceCv)
  14 porcupines
  8 harpy simulacra (IceCv)
  Edmund (D:6)
  3 mottled dragons
  4 hell hounds (Lair:8)
  A necrophage (D:6)
  12 water moccasins
  Purgy (Sewer)
  16 black bears
  4 phantoms
  10 orc warriors
  2 eyes of draining
  7 ice beasts
  7 ogres
  10 wasps
  13 centaurs
  12 crocodiles
  5 sky beasts
  12 big kobolds
  5 earth elementals
  5 scorpions
  26 giant frogs
  14 killer bees
  5 wights
  3 jellies
  2 electric eels
  10 crimson imps
  2 centaur skeletons
  A draconian simulacrum (IceCv)
  2 giant frog skeletons (D:4)
  2 giant frog zombies
  16 hounds
  11 orc priests
  13 worker ants
  2 quasits
  8 iguanas
  A polar bear simulacrum (IceCv)
  4 hell rats
  A spriggan simulacrum (IceCv)
  2 troll simulacra (IceCv)
  3 centaur simulacra (IceCv)
  A wolf simulacrum (IceCv)
  9 orc wizards
  13 sheep
  4 hound skeletons
  An ogre simulacrum (IceCv)
  55 river rats
  5 naga simulacra (IceCv)
  6 adders
  7 white imps (IceCv)
  2 shadow imps
  6 ufetubi (IceCv)
  2 worms
  An adder skeleton (D:8)
  3 giant geckos
  59 orcs
  5 giant cockroaches
  6 goblins
  4 hobgoblins
  2 quokkas
  A ball python (D:3)
  3 bats
  4 giant newts
  9 jackals
  28 kobolds
  A quokka skeleton (D:5)
  2 quokka zombies (D:6)
  16 rats
  A fungus (Lair:7)
  A plant (D:11)
1240 creatures vanquished.

Vanquished Creatures (collateral kills)
  Norris (Elf:2)
  3 deep elf master archers (Elf:3)
  Kirke (D:14)
  A fire giant (Vaults:1)
  2 deep elf sorcerers (Elf:3)
  Aizul (Shoals:1)
  2 deep elf elementalists (Elf:3)
  2 vault wardens (Vaults:1)
  An ironheart preserver (Vaults:1)
  A deep elf demonologist (Elf:3)
  2 deep elf annihilators (Elf:3)
  4 deep elf death magi (Elf:3)
  2 merfolk javelineers (Shoals:4)
  A merfolk impaler (Shoals:4)
  7 vault guards (D:14)
  4 deep elf high priests (Elf:3)
  A yaktaur captain (Vaults:1)
  An ogre mage (Vaults:2)
  A merfolk avatar (Shoals:4)
  3 merfolk aquamancers
  21 dancing weapons
  2 centaur warriors
  A tengu warrior (D:15)
  3 satyrs (Shoals:4)
  6 deep elf knights
  2 deep elf archers
  4 ugly things (Vaults:1)
  14 deep elf magi
  An orc sorcerer (Vaults:1)
  4 harpies
  2 water nymphs
  A manticore (Shoals:4)
  7 orc knights
  5 fauns
  2 orb spiders
  4 sirens
  A vault sentinel (Vaults:1)
  5 yaktaurs (Vaults:1)
  A gargoyle (D:14)
  6 merfolk
  5 two-headed ogres
  4 snapping turtles (Shoals:4)
  An air elemental (Elf:3)
  4 water elementals
  3 yaks (D:13)
  A vampire mosquito (Vaults:1)
  4 hogs (D:14)
  A hippogriff (Shoals:3)
  A wasp (Spider:4)
  22 orc warriors
  A sky beast (D:8)
  2 ice beasts
  11 ogres
  2 centaurs (D:14)
  An earth elemental (Elf:2)
  A wyvern zombie (D:13)
  2 wights (D:8)
  7 orc priests
  10 orc wizards
  A sheep (Shoals:4)
  33 orcs
  A quokka (D:9)
  2 goblins (D:12)
  3 plants
256 creatures vanquished.

Vanquished Creatures (others)
  A deep elf blademaster (Elf:3)
  3 deep elf sorcerers (Elf:3)
  2 deep elf elementalists (Elf:3)
  A stone giant (Vaults:1)
  3 merfolk javelineers (Shoals:4)
  4 merfolk impalers (Shoals:4)
  3 deep elf high priests
  A merfolk aquamancer (Shoals:4)
  7 satyrs (Shoals:4)
  23 dancing weapons
  7 deep elf knights
  A sea snake (Shoals:4)
  3 deep elf archers
  A griffon (Shoals:4)
  A harpy (Shoals:4)
  11 fauns
  19 deep elf magi
  A cyclops (Shoals:4)
  A manticore (Shoals:4)
  2 sirens (Shoals:4)
  2 yaktaurs (Vaults:1)
  8 merfolk
  A jumping spider (Spider:4)
  A snapping turtle (Shoals:4)
  A trapdoor spider (Spider:2)
  A redback (Vaults:1)
  A dire elephant simulacrum (IceCv)
  2 water elementals (Shoals:4)
  9 fungi
  18 plants
  8 tentacles (Shoals:1)
  98 tentacle segments (Shoals:1)
245 creatures vanquished.

Grand Total: 1741 creatures vanquished

Notes
Turn   | Place    | Note
--------------------------------------------------------------
     0 | D:1      | dvd the Spriggan Enchanter began the quest for the Orb.
     0 | D:1      | Reached XP level 1. HP: 9/9 MP: 5/5
   290 | D:1      | Reached XP level 2. HP: 13/13 MP: 6/6
   330 | D:1      | Reached skill level 5 in Stealth
   334 | D:1      | Learned a level 2 spell: Ensorcelled Hibernation
   832 | D:2      | Found a shattered altar of Ashenzari.
   987 | D:2      | Reached XP level 3. HP: 14/16 MP: 4/8
  1024 | D:2      | Learned a level 3 spell: Confuse
  1746 | D:3      | Found a glowing drain.
  1758 | D:3      | Reached skill level 6 in Stealth
  1798 | Sewer    | Entered a sewer
  1944 | Sewer    | Noticed Purgy
  1954 | Sewer    | Killed Purgy
  1954 | Sewer    | Reached skill level 7 in Stealth
  1954 | Sewer    | Reached XP level 4. HP: 21/21 MP: 6/10
  1954 | Sewer    | Reached XP level 5. HP: 24/24 MP: 6/11
  1967 | Sewer    | Learned a level 3 spell: Tukima's Dance
  1970 | Sewer    | Learned a level 2 spell: Repel Missiles
  2033 | D:3      | Found a stormy altar of Qazlal.
  2351 | D:4      | Found a sacrificial altar of Ru.
  2362 | D:4      | Got a bone dagger
  2363 | D:4      | Identified the +7 dagger of the Abyss {pain, Str+7 Int+6 Dex-5} (You found it on level 4 of the Dungeon)
  2467 | D:4      | Reached skill level 1 in Ice Magic
  2705 | D:4      | Reached XP level 6. HP: 28/28 MP: 4/13
  2845 | D:4      | Reached skill level 8 in Stealth
  3344 | D:5      | Entered Level 5 of the Dungeon
  3503 | D:5      | Reached skill level 5 in Spellcasting
  3516 | D:5      | Reached skill level 5 in Hexes
  3516 | D:5      | Reached XP level 7. HP: 25/32 MP: 8/15
  3995 | D:5      | Noticed a troll
  4008 | D:5      | Killed a troll
  4008 | D:5      | Reached skill level 1 in Fighting
  4008 | D:5      | Reached skill level 5 in Dodging
  4008 | D:5      | Reached skill level 9 in Stealth
  4102 | D:5      | Reached XP level 8. HP: 37/37 MP: 8/18
  4443 | D:6      | Reached skill level 10 in Stealth
  4486 | D:6      | Noticed st0uf's ghost (novice FoFi)
  4523 | D:6      | Killed st0uf's ghost
  4523 | D:6      | Reached skill level 11 in Stealth
  4736 | D:6      | Noticed a hill giant
  4739 | D:6      | Noticed Edmund
  4752 | D:6      | Killed a hill giant
  4752 | D:6      | Reached XP level 9. HP: 41/41 MP: 14/21
  4760 | D:6      | Killed Edmund
  4877 | D:6      | Found an ancient bone altar of Kikubaaqudgha.
  4912 | D:6      | Reached skill level 12 in Stealth
  4923 | D:6      | Found an iron altar of Okawaru.
  4968 | D:6      | Found a blossoming altar of Fedhas.
  4968 | D:6      | Found a glowing silver altar of Zin.
  4968 | D:6      | Found an opulent altar of Gozag.
  4969 | D:6      | Found a sparkling altar of Nemelex Xobeh.
  4993 | D:6      | Became a worshipper of Gozag Ym Sagoz the Greedy
  5508 | D:7      | Found a staircase to the Ecumenical Temple.
  5523 | Temple   | Entered the Ecumenical Temple
  5976 | D:7      | Learned a level 2 spell: Blink
  6427 | D:8      | Reached skill level 1 in Translocations
  6569 | D:8      | Noticed George's ghost (novice GrFi)
  7041 | D:8      | Killed George's ghost
  7041 | D:8      | Reached XP level 10. HP: 16/46 MP: 10/24
  7564 | D:8      | Reached skill level 13 in Stealth
  7568 | D:8      | Reached skill level 1 in Charms
  9131 | D:10     | Entered Level 10 of the Dungeon
  9190 | D:10     | Learned a level 2 spell: Call Imp
  9314 | D:10     | Gained mutation: Your spells are a little easier to cast, but a little less powerful. [potion of mutation]
  9314 | D:10     | Gained mutation: You are partially covered in icy blue scales (AC +1). [potion of mutation]
  9314 | D:10     | Gained mutation: You occasionally shout uncontrollably at your foes. [potion of mutation]
  9315 | D:10     | Lost mutation: Your spells are a little easier to cast, but a little less powerful. [potion of cure mutation]
  9315 | D:10     | Lost mutation: You occasionally shout uncontrollably at your foes. [potion of cure mutation]
  9440 | D:10     | Reached skill level 14 in Stealth
  9718 | D:10     | Reached skill level 10 in Spellcasting
  9749 | D:10     | Got a steaming short sword
  9750 | D:10     | Identified the +0 short sword of the Pits of Slime {holy, Int+4 SInv} (You found it on level 10 of the Dungeon)
 10020 | D:11     | Noticed a hill giant
 10024 | D:11     | Killed a hill giant
 10024 | D:11     | Reached skill level 5 in Charms
 10152 | D:11     | Found a sparkling altar of Nemelex Xobeh.
 10261 | D:11     | Reached XP level 11. HP: 50/50 MP: 26/26
 10340 | D:11     | Found a staircase to the Orcish Mines.
 10367 | D:11     | Found a staircase to the Lair.
 10391 | D:11     | Identified Farrulof's Almanac of Shifting Bewitchment
 10395 | D:11     | Noticed a hill giant
 10401 | D:11     | Killed a hill giant
 10401 | D:11     | Reached skill level 15 in Stealth
 10921 | Lair:1   | Entered Level 1 of the Lair of Beasts
 11157 | Lair:1   | Reached skill level 5 in Translocations
 11337 | Lair:1   | Noticed an eight-headed hydra
 11344 | Lair:1   | Killed an eight-headed hydra
 11705 | Lair:2   | Reached skill level 16 in Stealth
 11789 | Lair:2   | Got a jewelled trident
 11790 | Lair:2   | Identified the +7 trident of Geugomub {pierce, Str+3} (You found it on level 2 of the Lair of Beasts)
 12143 | Lair:2   | Reached skill level 5 in Short Blades
 12158 | Lair:2   | Reached XP level 12. HP: 56/56 MP: 14/27
 12367 | Lair:2   | Got an encrusted mace
 12368 | Lair:2   | Identified the +7 mace of the Priest {crush, *Rage +Rage rElec rPois} (You found it on level 2 of the Lair of Beasts)
 12453 | Lair:2   | Reached skill level 10 in Hexes
 12728 | Lair:2   | Noticed a five-headed hydra
 12745 | Lair:2   | Killed a five-headed hydra
 12791 | Lair:2   | Noticed a four-headed hydra
 12815 | Lair:2   | Killed a four-headed hydra
 12907 | Lair:3   | Found a snail-covered altar of Cheibriados.
 13158 | Lair:3   | Reached skill level 5 in Ice Magic
 13315 | Lair:3   | Reached skill level 17 in Stealth
 13499 | Lair:3   | Found a hole to the Spider Nest.
 13694 | Lair:3   | Got an iridescent quarterstaff
 14103 | Lair:4   | Bought the +0 mask of the Dragon {MR+ Slay+3 SInv} for 935 gold pieces
 14103 | Lair:4   | Bought a runed robe for 19 gold pieces
 14188 | Lair:4   | Got a translucent long sword
 14466 | Lair:4   | Learned a level 4 spell: Cause Fear
 14917 | Lair:4   | Found a staircase to the Shoals.
 15068 | Lair:5   | Noticed a five-headed hydra
 15093 | Lair:5   | Killed a five-headed hydra
 15211 | Lair:5   | Reached XP level 13. HP: 61/61 MP: 29/29
 15219 | Lair:5   | Learned a level 2 spell: Corpse Rot
 15340 | Lair:5   | Learned a level 6 spell: Invisibility
 16197 | Lair:6   | Reached skill level 1 in Necromancy
 17695 | Lair:7   | Got a scintillating bronze amulet
 17697 | Lair:7   | Identified the amulet "Diwapp Faaso" {Harm *Drain +Blink rC+ Dex+5} (You found it on level 7 of the Lair of Beasts)
 17722 | Lair:7   | Reached skill level 10 in Dodging
 18293 | Lair:7   | Gained mutation: Your muscles are strong. (Str +2) [potion of beneficial mutation]
 18340 | Lair:7   | Reached skill level 18 in Stealth
 18399 | Lair:7   | Reached skill level 5 in Fighting
 18663 | Lair:7   | Reached XP level 14. HP: 47/68 MP: 27/31
 18824 | Lair:7   | Learned a level 5 spell: Dispel Undead
 19222 | Lair:8   | Entered Level 8 of the Lair of Beasts
 19335 | Lair:8   | Found a viscous altar of Jiyva.
 19335 | Lair:8   | Found a staircase to the Slime Pits.
 19631 | Lair:8   | Learned a level 6 spell: Haste
 20904 | Lair:8   | Reached skill level 19 in Stealth
 20907 | Lair:8   | Reached skill level 1 in Evocations
 21875 | Spider:1 | Entered Level 1 of the Spider Nest
 21879 | Spider:1 | Noticed Josephine
 21907 | Spider:1 | Killed Josephine
 22236 | Spider:1 | Reached XP level 15. HP: 73/73 MP: 21/33
 22466 | Spider:1 | Reached skill level 10 in Charms
 22529 | Spider:1 | Reached skill level 5 in Necromancy
 22533 | Spider:1 | Noticed Nikola
 22548 | Spider:1 | Killed Nikola
 23389 | Spider:1 | Paralysed by a hornet for 2 turns
 24321 | Spider:2 | Noticed Arachne
 24335 | Spider:2 | Killed Arachne
 26144 | Spider:2 | Reached XP level 16. HP: 63/77 MP: 26/35
 26991 | Spider:3 | Reached skill level 15 in Spellcasting
 27129 | Spider:3 | Reached skill level 20 in Stealth
 27950 | Spider:4 | Entered Level 4 of the Spider Nest
 29097 | Spider:4 | HP: 1/77 [disintegration (67)]
 29545 | Spider:4 | Got a gossamer rune of Zot
 30544 | Orc:1    | Entered Level 1 of the Orcish Mines
 31127 | Orc:2    | Entered Level 2 of the Orcish Mines
 31127 | Orc:2    | Found a staircase to the Elven Halls.
 31161 | Orc:2    | Found an iron altar of Okawaru.
 31167 | Orc:2    | Noticed Saint Roka
 31405 | Orc:1    | Killed Saint Roka
 31694 | Orc:2    | Found Qirivvic's Magic Scroll Shop.
 33126 | Orc:2    | Found Acotac's Food Shop.
 33127 | Orc:2    | Found Gouqesho's General Store.
 33127 | Orc:2    | Found Pulegrofot's Armour Emporium.
 33212 | Orc:2    | Bought the -2 hat of the Alchemist {rElec rPois rF+ rC+ rN+ MR+ rMut rCorr} for 802 gold pieces
 33448 | Elf:1    | Entered Level 1 of the Elven Halls
 33472 | Elf:1    | Reached XP level 17. HP: 77/81 MP: 34/38
 33795 | Elf:1    | Found a deep blue altar of Sif Muna.
 33933 | Elf:1    | Found Isuesut's General Store.
 34619 | Elf:2    | Found Suvvaa's General Store.
 34778 | Elf:2    | Noticed Donald
 34797 | Elf:2    | Killed Donald
 34906 | Elf:2    | Found a frozen archway.
 34926 | IceCv    | Entered an ice cave
 36381 | IceCv    | Reached skill level 15 in Hexes
 36423 | IceCv    | Learned a level 4 spell: Condensation Shield
 36611 | Elf:2    | Found a runed door.
 36986 | Elf:2    | Found Zier's Antique Weapon Emporium.
 36993 | Elf:2    | Reached skill level 21 in Stealth
 37066 | Elf:2    | Found Xeredat's Magic Scroll Shop.
 37293 | Elf:2    | Found a huge runed gate.
 37294 | Elf:2    | Found a huge runed gate.
 37295 | Elf:2    | Found a huge runed gate.
 37296 | Elf:2    | Found a huge runed gate.
 37296 | Elf:2    | Found a huge runed gate.
 37352 | Elf:2    | Noticed Norris
 38455 | Elf:3    | Entered Level 3 of the Elven Halls
 39293 | Elf:3    | Learned a level 8 spell: Discord
 39771 | Elf:2    | Killed Norris
 40675 | D:12     | Found a flagged portal.
 40712 | Bailey   | Entered a bailey
 40970 | Bailey   | Identified the Catalogue of the Shifting Rocks (You found it in a bailey)
 40981 | Bailey   | Learned a level 5 spell: Summon Mana Viper
 41178 | D:12     | Learned a level 5 spell: Metabolic Englaciation
 41698 | D:13     | Noticed Anouleth's ghost (journeyman MiBe)
 41725 | D:13     | Killed Anouleth's ghost
 41958 | D:13     | Found Mubiv's Antique Armour Shop.
 42069 | D:13     | Found a roughly hewn altar of Beogh.
 42527 | D:13     | Reached XP level 18. HP: 88/88 MP: 40/40
 43174 | D:14     | Found a gate to the Vaults.
 43503 | D:14     | Noticed Kirke
 43533 | D:14     | Killed Kirke
 43928 | Vaults:1 | Entered Level 1 of the Vaults
 43928 | Vaults:1 | Found Jerank's Weapon Emporium.
 43941 | D:14     | Upgraded the game from 0.18-a0-917-g8a3da5b to 0.18-a0-921-g28655ce
 43966 | D:15     | Entered Level 15 of the Dungeon
 44265 | D:15     | Found a staircase to the Depths.
 44763 | D:15     | Noticed Louise
 44794 | D:15     | Killed Louise
 45132 | D:15     | Bought the ring "Uqurch" {rElec rN+ Int+2 Slay+3 Stlth+} for 525 gold pieces
 45650 | Shoals:1 | Entered Level 1 of the Shoals
 45697 | Shoals:1 | Found Xeurak's Weapon Shop.
 46173 | Shoals:1 | Noticed Aizul
 46201 | Shoals:1 | Killed Aizul
 47047 | Shoals:2 | Noticed Daviar's ghost (journeyman FeAr)
 47065 | Shoals:2 | Killed Daviar's ghost
 47465 | Shoals:2 | Learned a level 3 spell: Recall
 47924 | Shoals:3 | Reached skill level 22 in Stealth
 48252 | Shoals:4 | Entered Level 4 of the Shoals
 48252 | Shoals:4 | Noticed Ilsuiw
 48291 | Shoals:4 | Found Hymeuwi's Magic Scroll Shoppe.
 48628 | Shoals:4 | Got a barnacled rune of Zot
 49727 | Shoals:4 | Identified the Reference Book on Destructive Lightness
 50613 | Elf:3    | Reached skill level 1 in Summonings
 50871 | Elf:3    | Got a flickering amber ring
 51193 | Elf:3    | Reached XP level 19. HP: 93/93 MP: 33/43
 51438 | Elf:3    | Identified the ring "Qenon" {+/*Tele Str+2} (You took it off a deep elf death mage on level 3 of the Elven Halls)
 51461 | Elf:3    | Learned a level 2 spell: Stoneskin
 51592 | Elf:3    | Got an ichor-stained whip
 51593 | Elf:3    | Identified the +4 whip of Bodily Humours {slash, rPois} (You found it on level 3 of the Elven Halls)
 51766 | Elf:3    | Learned a level 8 spell: Discord
 52865 | Vaults:1 | Found Uviskuang's Antique Armour Shoppe.
 52949 | Vaults:1 | Found Axigub's Armour Emporium.
 53689 | Vaults:1 | Learned a level 5 spell: Aura of Abjuration
 53776 | Vaults:1 | Found Quyc's General Store.
 53776 | Vaults:1 | Found Bem Wedee's Food Shop.
 53781 | Vaults:1 | Bought a scroll of amnesia for 45 gold pieces
 54247 | Vaults:1 | Upgraded the game from 0.18-a0-921-g28655ce to 0.18-a0-943-g2c08dd4
 54417 | Vaults:2 | Reached skill level 10 in Short Blades
 54458 | Vaults:2 | Noticed Xtahua
 54606 | Vaults:2 | Killed Xtahua
 54915 | Vaults:2 | Noticed Jorgrun
 55179 | Vaults:2 | Found a staircase to the Crypt.
 55182 | Vaults:2 | Noticed a lich
 55204 | Vaults:2 | Killed a lich
 55260 | Vaults:2 | Reached skill level 1 in Armour
 55584 | Vaults:2 | Killed from afar by a titan

Vault maps used:
D:1:      lightli_arrival_statuegarden
D:2:      ashenzari_conservatory_becter
D:3:      old_standard_altar, portal_sewer_entry_d
D:4:      overflow_temple_1_default
D:5:      first_bread
D:6:      lemuel_coloured_pillars_altar, minitemple, uniq_edmund
D:7:      minmay_temple_entry_glassed_door
D:8:      special_room
D:11:     dpeg_oklobed_lair, orc_0_dummy, nemelex_altar_shiori
D:12:     enter_bailey_3
D:13:     special_room, serial_shops, nicolae_shop_trees
D:14:     erik_vaults_2, roderic_roman_lattice, uniq_kirke
D:15:     grunt_enter_depths_snipers, serial_glass, glass_columns_a,
          glass_columns_b, due_unseen_surprise, uniq_louise
Temple:   triangle_lava_temple_11
Lair:1:   grunt_megastairs_4
Lair:2:   lemuel_fruit_tree
Lair:3:   spider_nest_entry_funnel_web, basic_altar, guppyfry_lair_drakes,
          lemuel_fruit_fields
Lair:4:   minmay_shoals_entry_hut, serial_bayou_shore_b
Lair:5:   st_stairs_11, lemuel_old_faithful, infiniplex_staircase_pool
Lair:7:   kennysheep_abandoned_house, beast_lair_carwin_8
Lair:8:   hangedman_lair_caniforms_friends, hangedman_lair_in_review,
          slime_altar_1
Shoals:1: serial_shops, nicolae_shop_window_shopping,
          nicolae_shoals_kraken_intersection, uniq_aizul
Shoals:3: nicolae_shoals_arrival_archipelago
Shoals:4: shoals_end_grunt_garden, shoal_ilsuiw, serial_shops,
          nicolae_shop_statue_plus, overgrown_hall
Spider:1: uniq_nikola, uniq_josephine
Spider:2: nicolae_spider_corner, nicolae_trapdoor_corridor,
          nicolae_spider_cling_halls, uniq_arachne
Spider:3: spider_trap
Spider:4: guppyfry_spider_rune
Orc:1:    mines3_lemuel
Orc:2:    st_orc_elflike, okawaru_metal_pillars_1_2, uniq_saint_roka
Elf:1:    eino_elf_arrival_customs, basic_altar, serial_shops,
          nicolae_shop_stone, hangedman_corner_corridor, minivault_11
Elf:2:    portal_ice_cave_entry_horrid_things, serial_shops, shop_statue, shop,
          nicolae_shop_overgrown_old_shop, minivault_13, uniq_norris,
          uniq_donald
Elf:3:    minmay_elf_hall_quartered_circle
Vaults:1: v_misc_5, v_alt_pattern_3, v_misc_11, hangedman_vaults_nails,
          grunt_vaults_hallway_short, st_hourglassy, ontoclasm_vaults_gateway,
          vaults_room_corners, serial_shops, nicolae_shop_waterfront, shop,
          nicolae_shop_waterfront, shop, nicolae_shop_crystal
Vaults:2: nicolae_vaults_murderbox, dpeg_vaults_monster_box, vaults_room_pool,
          v_misc_31, v_alt_pattern_3, minmay_crypt_entry_simple_sparse,
          hangedman_vaults_restitches, vaults_room_stairs_pillars,
          vaults_dpeg_ring, vaults_standard_mumra_x, grunt_vaults_focal,
          basic_altar, uniq_xtahua, uniq_frederick, uniq_jorgrun
Sewer:    sewer_the_crocodile
Bailey:   bailey_polearm_3, bailey
IceCv:    ice_cave_caverns_01

Action                   |  1- 3 |  4- 6 |  7- 9 | 10-12 | 13-15 | 16-18 | 19-21 || total
-------------------------+-------+-------+-------+-------+-------+-------+-------++-------
Melee: Dagger            |    60 |    41 |   131 |   468 |   770 |  1309 |   238 ||  3017
       Mace              |       |       |       |       |     7 |       |       ||     7
 Cast: Corona            |     5 |       |     1 |       |       |       |       ||     6
       Ensorcelled Hiber |    22 |    18 |    41 |   143 |   306 |   184 |    30 ||   744
       Confuse           |       |     3 |    20 |    32 |   138 |   222 |    53 ||   468
       Repel Missiles    |       |     1 |       |     1 |     1 |     3 |       ||     6
       Tukima's Dance    |       |     2 |     6 |    14 |     1 |   149 |    38 ||   210
       Blink             |       |       |     7 |       |     4 |     4 |     6 ||    21
       Call Imp          |       |       |       |     2 |       |       |       ||     2
       Invisibility      |       |       |       |       |     5 |     3 |       ||     8
       Cause Fear        |       |       |       |       |     3 |     2 |       ||     5
       Haste             |       |       |       |       |     4 |    15 |     3 ||    22
       Condensation Shie |       |       |       |       |       |    59 |    26 ||    85
       Dispel Undead     |       |       |       |       |       |    20 |    15 ||    35
       Summon Mana Viper |       |       |       |       |       |    19 |    10 ||    29
       Metabolic Englaci |       |       |       |       |       |     2 |       ||     2
       Recall            |       |       |       |       |       |     9 |     1 ||    10
       Stoneskin         |       |       |       |       |       |       |    17 ||    17
       Discord           |       |       |       |       |       |       |     6 ||     6
       Aura of Abjuratio |       |       |       |       |       |       |     2 ||     2
Invok: Call Merchant     |       |       |       |     1 |       |     1 |       ||     2
       Bribe Branch      |       |       |       |       |       |     2 |       ||     2
       Potion Petition   |       |       |       |       |       |     1 |       ||     1
Evoke: Piece from Xom's  |       |       |       |       |     1 |       |       ||     1
       Wand              |       |       |       |       |    13 |    40 |     9 ||    62
  Use: Potion            |       |       |    13 |     7 |     8 |     7 |     1 ||    36
       Scroll            |       |       |     9 |    12 |    12 |    20 |     3 ||    56
 Stab: Sleeping          |    26 |    20 |    34 |   189 |   225 |   222 |    28 ||   744
       Confused          |       |     1 |    12 |    21 |    71 |    98 |    24 ||   227
       Distracted        |       |       |     1 |     3 |     8 |    14 |       ||    26
       Invisible         |       |       |       |       |    21 |    13 |       ||    34
       Fleeing           |       |       |       |       |     1 |       |       ||     1
  Eat: Royal jelly       |       |     1 |     1 |     1 |       |    12 |       ||    15
       Pizza             |       |       |     1 |       |     2 |       |     1 ||     4
       Bread ration      |       |       |       |     1 |     2 |     1 |       ||     4
       Fruit             |       |       |       |       |       |       |     3 ||     3
